 Dungeon Crawl Stone Soup version 0.31.0-32-g396128a36d (webtiles) character file.

Game seed: 10180823199706628198

38 mainiacjoe the Sneak (level 3, -13/26 HPs)
             Began as an Octopode Delver on Mar 11, 2024.
             Mangled by a sleepcap (15 damage)
             ... on level 4 of the Dungeon.
             The game lasted 00:01:58 (200 turns).

mainiacjoe the Sneak (Octopode Delver)               Turns: 200, Time: 00:01:59

Health: -13/26     AC:  1    Str: 11    XL:     3   Next: 43%
Magic:  3/3        EV:  2    Int: 12    God:
Gold:   41         SH:  0    Dex: 15    Spells: 2/2 levels left

rFire   . . .        a - +0 rapier
rCold   . . .        (no shield)
rNeg    . . .        (helmet restricted)
rPois   .            (no amulet)
rElec   .            (no ring)
rCorr   .            (no ring)
SInv    .            (no ring)
Will    .....        (no ring)
Stlth   +++++        (no ring)
HPRegen 0.24/turn    (no ring)
MPRegen 0.08/turn    (no ring)
                     (no ring)

%: no passive effects
@: sleeping
A: almost no armour, amphibious, 8 rings, camouflage 1, gelatinous body 1,
(nimble swimmer 1), tentacles
a: no special abilities


You were on level 4 of the Dungeon.
You visited 1 branch of the dungeon, and saw 2 of its levels.

You collected 41 gold pieces.

Inventory:

Hand Weapons
 a - a +0 rapier (weapon)
 b - a +0 sling
 i - a +0 short sword
Wands
 f - a wand of digging (3)
Scrolls
 c - a scroll of revelation
 d - a scroll of fear
 g - a scroll of identify {unknown}
 h - a scroll of fog
Potions
 e - a potion of haste


   Skills:
 - Level 3.0 Fighting
 * Level 3.2 Short Blades
 - Level 2.0 Dodging
 + Level 7.1 Stealth


You had 2 spell levels left.
You didn't know any spells.
Your spell library was empty.

Dungeon Overview and Level Annotations

Branches:
Dungeon (5/15)
 Temple: D:4-7

Altars:


Innate Abilities, Weirdness & Mutations

You cannot wear most types of armour.
You are amphibious.
You can wear up to eight rings at the same time.
Your skin changes colour to match your surroundings (Stealth+).
Your rubbery body absorbs attacks. (AC +1, EV +1)
((You are camouflaged when in or above water. (Stealth+)))
You have tentacles for arms and can constrict up to eight enemies at once.


Message History

a - a +0 rapier (weapon)
The sleepcap releases spores at you.
You hit the sleepcap but do no damage. You grab the sleepcap.
You squeeze the sleepcap.
The sleepcap is heavily damaged.
You constrict the sleepcap, but do no damage.
The sleepcap releases spores at you.
You hit the sleepcap but do no damage.
The sleepcap is heavily damaged.
You constrict the sleepcap. The sleepcap completely misses you.
You hit the sleepcap but do no damage. You squeeze the sleepcap.
The sleepcap is almost destroyed.
You constrict the sleepcap, but do no damage.
The sleepcap closely misses you.
The goblin unwields a +0 sling.
The goblin wields a +0 dagger.
The goblin barely misses you.
You hit the sleepcap.
The sleepcap is almost destroyed.
You constrict the sleepcap, but do no damage.
The sleepcap releases spores at you but does no damage.
The goblin hits you with a +0 dagger.
You are too injured to fight recklessly!
You hit the goblin. Your grab misses the goblin. You tentacle-slap the goblin.
You squeeze the goblin.
You kill the goblin!
You constrict the sleepcap, but do no damage.
The sleepcap releases spores at you!
* * * LOW HITPOINT WARNING * * *
You release your grip on the sleepcap.
The sleepcap completely misses you.
Things that are here:
a +0 dagger; a +0 sling; a goblin corpse You hit the sleepcap.
You grab the sleepcap.
The sleepcap is almost destroyed.
You constrict the sleepcap. The sleepcap releases spores at you.
* * * LOW HITPOINT WARNING * * *
You are engulfed in a cloud of soporific spores!
You fall asleep.
You lose your grip on the sleepcap.
The sleepcap releases spores at you!
Ouch! That really hurt!
You die...

##gf## ....# ....#
###### #..# #....##
#### ###'#
.###..#####..#+##...##
##
###...'....##...†.##
#..##....#[.....)#
##..##..##.@f8..[#
##..##'##.......#
#####..##.....##
#..).##...##
#....'#'### ##..##..#
####....+ #....#
##..##


You could see a sleepcap.

Vanquished Creatures
  A jelly (D:4)
  3 goblins (D:4)
  A hobgoblin (D:4)
  A kobold (D:4)
  A quokka (D:4)
  A ball python (D:4)
8 creatures vanquished.

Notes
Turn   | Place    | Note
-------+----------+-------------------------------------------
     0 | D:5      | mainiacjoe the Octopode Delver began the quest for the Orb.
     0 | D:5      | Reached XP level 1. HP: 16/16 MP: 1/1
    89 | D:4      | Noticed a jelly
    94 | D:4      | Killed a jelly
    95 | D:4      | Reached skill level 7 in Stealth
    95 | D:4      | Reached XP level 2. HP: 21/21 MP: 2/2
    95 | D:4      | Reached XP level 3. HP: 26/26 MP: 3/3
   199 | D:4      | HP: 1/26 [sleepcap (6)]
   200 | D:4      | Mangled by a sleepcap

Illustrated notes

Levels and vault maps discovered:
D:4:      minmay_bubble_buster, layout_layer_cave, general_overflow_altar,
          minmay_lizard_king
D:5:      layout_layer_cave, mainiacjoe_overflow_big_doors, serial_shops,
          nicolae_shop_temple_entry_statues_fountains

Skill      XL: |  1 |
---------------+----+-----
Short Blades   | 3 |  3.2
Stealth        | 7 |  7.1
Fighting       | |  3.0
Dodging        | |  2.0

Action                     || total
---------------------------++-------
  Melee: Short sword       ||    10
         Rapier            ||     6
         Tentacles         ||     3
         Constrict         ||     2
         Punch             ||     1
   Fire: Sling             ||     3
   Stab: Sleeping          ||     4
 Armour: Skin              ||    10
  Dodge: Dodged            ||    11
